[ AOE2 MATCH · #495287525 ]
UnrankedPersians vs Burgundians
Player's team · LOSS
[ REPLAY ANALYSIS · EXTRACTED FROM THE RECORDED GAME ]
Feudal
10:29
Castle
19:44
Imperial
—
| APM avg | 103.8 |
| APM peak | 152 |
| eAPM avg | 46.8 |
| Villagers / military | 70 / 76 |
Focus
⚔️ 65.7% · 🌾 34.3%
Archer ×41 · Knight ×14 · Monk ×8 · Militia ×5 · Mangonel ×4 · Skirmisher ×3
Feudal
8:59
Castle
21:05
Imperial
—
| APM avg | 139.9 |
| APM peak | 265 |
| eAPM avg | 55.4 |
| Villagers / military | 84 / 55 |
Focus
⚔️ 65.0% · 🌾 35.0%
Knight ×21 · Skirmisher ×19 · Flemish Militia ×7 · Monk ×4 · Archer ×4
Match map
Initial resources + every placement click. Lines = walls · curves = elevation contours. ◆ gold · ⬟ stone · ● berries · ✦ relic · ◌ wall gap
Your base· Open — 4t gap
Itz_Zenta's base· Open — 5t gap
Smoothed initial terrain · ◌ = detected wall gap · hover for details
Inputs per minute
— Dark_aoe - - Itz_Zenta
Build order — Dark_aoe
First 150 of 260 actions detected
| 0:00 | Queue | Villager (Male) |
| 0:01 | Build | House |
| 0:02 | Build | House |
| 0:08 | Queue | Villager (Male) |
| 0:27 | Queue | Villager (Male) |
| 0:45 | Queue | Villager (Male) |
| 0:45 | Queue | Villager (Male) |
| 1:26 | Build | Lumber Camp |
| 1:28 | Queue | Villager (Male) |
| 1:57 | Queue | Villager (Male) |
| 2:39 | Queue | Villager (Male) |
| 3:08 | Queue | Villager (Male) |
| 3:19 | Build | House |
| 3:28 | Queue | Villager (Male) |
| 3:40 | Build | Barracks |
| 3:42 | Build | Barracks |
| 3:49 | Queue | Villager (Male) |
| 4:18 | Queue | Villager (Male) |
| 4:30 | Build | House |
| 4:41 | Queue | Villager (Male) |
| 4:45 | Queue | Militia |
| 5:08 | Queue | Villager (Male) |
| 5:14 | Queue | Militia |
| 5:25 | Build | Mill |
| 5:33 | Queue | Villager (Male) |
| 5:56 | Queue | Villager (Male) |
| 6:17 | Queue | Villager (Male) |
| 6:20 | Build | Mill |
| 6:40 | Queue | Villager (Male) |
| 7:08 | Queue | Villager (Male) |
| 7:15 | Build | House |
| 7:33 | Queue | Villager (Male) |
| 7:50 | Build | Farm |
| 7:54 | Research | Loom |
| 8:25 | Build | Mining Camp |
| 8:25 | Research | Feudal Age |
| 8:25 | Research | Feudal Age |
| 9:15 | Queue | Militia |
| 9:15 | Queue | Militia |
| 9:37 | Queue | Militia |
| 9:48 | Build | House |
| 9:49 | Build | House |
| 10:00 | Queue | Villager (Male) |
| 10:29 | Age | Feudal Age |
| 10:33 | Queue | Spearman |
| 10:38 | Build | Archery Range |
| 10:51 | Queue | Villager (Male) |
| 11:11 | Research | Double-Bit Axe |
| 11:16 | Queue | Villager (Male) |
| 11:19 | Queue | Archer |
| 11:20 | Queue | Archer |
| 11:26 | Build | Palisade Wall |
| 11:27 | Build | Palisade Wall |
| 11:31 | Build | Palisade Wall |
| 11:33 | Build | House |
| 11:35 | Queue | Villager (Male) |
| 11:40 | Build | Farm |
| 11:49 | Queue | Archer |
| 11:58 | Queue | Villager (Male) |
| 12:00 | Build | Farm |
| 12:07 | Build | Farm |
| 12:25 | Queue | Villager (Male) |
| 12:39 | Queue | Villager (Male) |
| 12:40 | Build | Farm |
| 12:44 | Queue | Archer |
| 12:49 | Build | Palisade Wall |
| 12:51 | Queue | Villager (Male) |
| 13:04 | Build | Farm |
| 13:06 | Build | Farm |
| 13:06 | Queue | Villager (Male) |
| 13:16 | Queue | Villager (Male) |
| 13:20 | Queue | Archer |
| 13:30 | Build | Farm |
| 13:37 | Build | Farm |
| 13:38 | Build | Farm |
| 13:40 | Queue | Archer |
| 13:53 | Build | Farm |
| 13:59 | Queue | Villager (Male) |
| 14:05 | Build | Farm |
| 14:17 | Build | House |
| 14:22 | Build | House |
| 14:26 | Build | Palisade Wall |
| 14:29 | Build | Palisade Wall |
| 14:36 | Build | Outpost |
| 14:37 | Queue | Villager (Male) |
| 14:43 | Build | House |
| 14:44 | Queue | Archer |
| 15:05 | Queue | Villager (Male) |
| 15:08 | Build | House |
| 15:14 | Build | Blacksmith |
| 15:28 | Build | Blacksmith |
| 15:30 | Queue | Villager (Male) |
| 15:32 | Queue | Skirmisher |
| 15:54 | Queue | Villager (Male) |
| 15:56 | Research | Fletching |
| 16:01 | Queue | Archer |
| 16:09 | Build | House |
| 16:10 | Build | House |
| 16:17 | Queue | Villager (Male) |
| 16:19 | Build | Farm |
| 16:36 | Queue | Archer |
| 16:42 | Queue | Villager (Male) |
| 16:49 | Build | Farm |
| 16:57 | Build | House |
| 16:59 | Build | House |
| 17:19 | Research | Castle Age |
| 17:19 | Research | Castle Age |
| 17:26 | Build | Lumber Camp |
| 17:29 | Build | Lumber Camp |
| 17:33 | Queue | Archer |
| 17:35 | Build | Palisade Wall |
| 18:00 | Queue | Skirmisher |
| 18:19 | Build | Archery Range |
| 18:34 | Build | House |
| 18:49 | Queue | Archer |
| 18:51 | Queue | Villager (Male) |
| 19:19 | Queue | Archer |
| 19:20 | Queue | Archer |
| 19:26 | Research | Gold Mining |
| 19:27 | Research | Horse Collar |
| 19:44 | Age | Castle Age |
| 19:46 | Research | Crossbowman (upgrade) |
| 19:52 | Build | House |
| 19:57 | Build | Farm |
| 19:58 | Build | Farm |
| 20:07 | Queue | Villager (Male) |
| 20:10 | Build | Farm |
| 20:20 | Research | Bodkin Arrow |
| 20:22 | Queue | Archer |
| 20:22 | Queue | Archer |
| 20:32 | Queue | Villager (Male) |
| 20:51 | Build | Siege Workshop |
| 20:51 | Queue | Villager (Male) |
| 20:54 | Queue | Archer |
| 20:54 | Queue | Archer |
| 21:08 | Build | Monastery |
| 21:08 | Queue | Villager (Male) |
| 21:17 | Queue | Archer |
| 21:17 | Queue | Archer |
| 21:25 | Queue | Villager (Male) |
| 21:44 | Queue | Mangonel |
| 21:47 | Queue | Villager (Male) |
| 21:51 | Queue | Monk |
| 21:58 | Queue | Villager (Male) |
| 22:14 | Queue | Archer |
| 22:14 | Queue | Archer |
| 22:19 | Research | Wheelbarrow |
| 22:22 | Research | Bow Saw |
| 22:25 | Queue | Monk |
| 22:49 | Queue | Monk |
Build order — Itz_Zenta
First 150 of 284 actions detected
| 0:00 | Queue | Villager (Male) |
| 0:01 | Queue | Villager (Male) |
| 0:01 | Build | House |
| 0:02 | Build | House |
| 0:20 | Queue | Villager (Male) |
| 0:28 | Queue | Villager (Male) |
| 1:13 | Queue | Villager (Male) |
| 1:48 | Build | Lumber Camp |
| 1:55 | Queue | Villager (Male) |
| 1:55 | Queue | Villager (Male) |
| 2:23 | Queue | Villager (Male) |
| 2:24 | Queue | Villager (Male) |
| 2:45 | Research | Loom |
| 2:49 | Queue | Villager (Male) |
| 3:05 | Research | Double-Bit Axe |
| 3:17 | Queue | Villager (Male) |
| 3:17 | Queue | Villager (Male) |
| 3:37 | Queue | Villager (Male) |
| 3:50 | Build | House |
| 4:07 | Queue | Villager (Male) |
| 4:17 | Queue | Villager (Male) |
| 4:35 | Queue | Villager (Male) |
| 4:54 | Queue | Villager (Male) |
| 5:07 | Build | Mill |
| 5:24 | Queue | Villager (Male) |
| 5:54 | Research | Loom |
| 6:49 | Research | Feudal Age |
| 6:49 | Research | Feudal Age |
| 6:53 | Build | Palisade Wall |
| 6:53 | Build | Palisade Wall |
| 7:47 | Build | Mining Camp |
| 8:09 | Build | Barracks |
| 8:51 | Queue | Villager (Male) |
| 8:59 | Age | Feudal Age |
| 9:05 | Build | House |
| 9:12 | Queue | Flemish Militia |
| 9:15 | Build | House |
| 9:16 | Research | Bow Saw |
| 9:19 | Queue | Villager (Male) |
| 9:22 | Build | House |
| 9:36 | Queue | Flemish Militia |
| 9:55 | Queue | Flemish Militia |
| 10:02 | Queue | Villager (Male) |
| 10:08 | Build | Mill |
| 10:13 | Queue | Villager (Male) |
| 10:21 | Queue | Villager (Male) |
| 10:30 | Build | Archery Range |
| 10:38 | Queue | Villager (Male) |
| 10:41 | Build | Mill |
| 11:14 | Build | Mill |
| 11:16 | Build | Palisade Wall |
| 11:17 | Build | Farm |
| 11:24 | Queue | Villager (Male) |
| 11:26 | Build | House |
| 11:39 | Queue | Archer |
| 11:45 | Build | Farm |
| 11:52 | Queue | Flemish Militia |
| 12:02 | Queue | Skirmisher |
| 12:04 | Build | House |
| 12:05 | Build | Palisade Wall |
| 12:06 | Build | Palisade Wall |
| 12:07 | Build | Palisade Wall |
| 12:28 | Queue | Villager (Male) |
| 12:38 | Queue | Villager (Male) |
| 13:03 | Queue | Villager (Male) |
| 13:07 | Queue | Archer |
| 13:10 | Build | Farm |
| 13:11 | Build | Blacksmith |
| 13:15 | Queue | Villager (Male) |
| 13:21 | Queue | Villager (Male) |
| 13:29 | Build | Farm |
| 13:31 | Build | Farm |
| 13:33 | Queue | Villager (Male) |
| 13:44 | Queue | Skirmisher |
| 13:45 | Queue | Villager (Male) |
| 13:55 | Build | Farm |
| 13:56 | Queue | Archer |
| 13:56 | Queue | Villager (Male) |
| 14:01 | Research | Fletching |
| 14:01 | Research | Fletching |
| 14:01 | Queue | Villager (Male) |
| 14:04 | Build | Palisade Wall |
| 14:07 | Build | Palisade Wall |
| 14:09 | Build | Palisade Wall |
| 14:10 | Queue | Villager (Male) |
| 14:22 | Queue | Flemish Militia |
| 14:22 | Queue | Villager (Male) |
| 14:27 | Build | Farm |
| 14:31 | Build | Palisade Wall |
| 14:45 | Build | House |
| 14:46 | Queue | Villager (Male) |
| 14:55 | Build | Palisade Wall |
| 15:09 | Queue | Villager (Male) |
| 15:10 | Build | Farm |
| 15:25 | Research | Padded Archer Armor |
| 15:29 | Queue | Villager (Male) |
| 15:29 | Queue | Flemish Militia |
| 15:30 | Queue | Flemish Militia |
| 15:49 | Queue | Skirmisher |
| 15:53 | Build | Farm |
| 16:06 | Queue | Skirmisher |
| 16:14 | Build | House |
| 16:15 | Queue | Villager (Male) |
| 16:43 | Queue | Skirmisher |
| 16:46 | Build | House |
| 16:50 | Queue | Archer |
| 17:20 | Queue | Villager (Male) |
| 17:29 | Queue | Villager (Male) |
| 17:36 | Build | Lumber Camp |
| 17:50 | Build | Palisade Wall |
| 17:52 | Build | Farm |
| 17:58 | Queue | Skirmisher |
| 18:11 | Queue | Villager (Male) |
| 18:12 | Build | Farm |
| 18:17 | Build | Palisade Wall |
| 18:25 | Research | Castle Age |
| 18:36 | Research | Horse Collar |
| 18:37 | Research | Horse Collar |
| 19:04 | Build | Farm |
| 19:06 | Build | Farm |
| 19:25 | Research | Gold Mining |
| 19:25 | Research | Gold Mining |
| 19:25 | Research | Heavy Plow |
| 19:25 | Research | Heavy Plow |
| 19:28 | Queue | Villager (Male) |
| 19:35 | Queue | Skirmisher |
| 19:51 | Queue | Villager (Male) |
| 19:52 | Build | Farm |
| 19:55 | Build | Farm |
| 20:04 | Queue | Skirmisher |
| 20:16 | Build | Stable |
| 20:23 | Build | Farm |
| 20:41 | Queue | Skirmisher |
| 20:48 | Build | Stable |
| 20:51 | Research | Scale Barding Armor |
| 20:51 | Research | Scale Barding Armor |
| 21:05 | Age | Castle Age |
| 21:12 | Research | Bodkin Arrow |
| 21:19 | Research | Elite Skirmisher (upgrade) |
| 21:19 | Research | Elite Skirmisher (upgrade) |
| 21:21 | Queue | Villager (Male) |
| 21:26 | Queue | Knight |
| 21:28 | Queue | Villager (Male) |
| 21:38 | Build | Farm |
| 21:38 | Queue | Villager (Male) |
| 21:43 | Queue | Knight |
| 21:44 | Queue | Knight |
| 21:46 | Research | Cavalier (upgrade) |
| 21:46 | Research | Cavalier (upgrade) |
| 21:50 | Build | Farm |
Match timeline
| 3:40 | Dark_aoe · first_building Barracks |
| 6:53 | Itz_Zenta · wall_segment Palisade Wall x1 |
| 6:53 | Itz_Zenta · wall_segment Palisade Wall x1 |
| 8:09 | Itz_Zenta · first_building Barracks |
| 8:59 | Itz_Zenta · age_up feudal |
| 10:29 | Dark_aoe · age_up feudal |
| 10:30 | Itz_Zenta · first_building Archery Range |
| 10:38 | Dark_aoe · first_building Archery Range |
| 11:16 | Itz_Zenta · wall_segment Palisade Wall x1 |
| 11:26 | Dark_aoe · wall_segment Palisade Wall x1 |
| 11:27 | Dark_aoe · wall_segment Palisade Wall x1 |
| 11:31 | Dark_aoe · wall_segment Palisade Wall x1 |
| 12:05 | Itz_Zenta · wall_segment Palisade Wall x1 |
| 12:06 | Itz_Zenta · wall_segment Palisade Wall x3 |
| 12:07 | Itz_Zenta · wall_segment Palisade Wall x8 |
| 12:49 | Dark_aoe · wall_segment Palisade Wall x1 |
| 14:04 | Itz_Zenta · wall_segment Palisade Wall x8 |
| 14:07 | Itz_Zenta · wall_segment Palisade Wall x5 |
| 14:09 | Itz_Zenta · wall_segment Palisade Wall x8 |
| 14:26 | Dark_aoe · wall_segment Palisade Wall x1 |
| 14:29 | Dark_aoe · wall_segment Palisade Wall x1 |
| 14:31 | Itz_Zenta · wall_segment Palisade Wall x7 |
| 14:55 | Itz_Zenta · wall_segment Palisade Wall x12 |
| 17:35 | Dark_aoe · wall_segment Palisade Wall x1 |
| 17:50 | Itz_Zenta · wall_segment Palisade Wall x5 |
| 18:17 | Itz_Zenta · wall_segment Palisade Wall x3 |
| 19:44 | Dark_aoe · age_up castle |
| 20:16 | Itz_Zenta · first_building Stable |
| 20:51 | Dark_aoe · first_building Siege Workshop |
| 21:05 | Itz_Zenta · age_up castle |
| 21:08 | Dark_aoe · first_building Monastery |
| 23:39 | Itz_Zenta · wall_segment Stone Wall x1 |
| 23:45 | Itz_Zenta · wall_segment Stone Wall x1 |
| 24:44 | Itz_Zenta · first_market_sell 100 wood |
| 24:45 | Itz_Zenta · first_market_buy 100 food |
| 26:56 | Itz_Zenta · first_building Monastery |
| 27:11 | Dark_aoe · first_building Stable |
| 29:35 | Dark_aoe · wall_segment Stone Wall x1 |
| 32:51 | Dark_aoe · resign |
[ AI ANALYSIS · 1 CREDIT ]
What really happened in this match?
Wolo.gg analyzes every decision: build order, eco, micro, common mistakes by bracket. Personalized analysis on WhatsApp or Discord in 30 seconds.
Civ guide
Persians
Perfil
Jugador #1407942